Map: Winter's Gate LE

Players

Djorn - Winner!

  • Race: Protoss Protoss
  • Spawn Location: 11:00

VOD

Have the link to the VOD?

Description

Time

  • Played on: Aug. 20, 2019, 7:23 p.m.
  • Length: 10:23
Show
View Real Time Build Order
Export as new Build Order

Djorn Protoss - Winner!

Build Orders:  

Get SALT Encoding   

  12  0:09  Probe (Chrono Boost)  
  13  0:26  Probe (Chrono Boost)  
  14  0:50  Pylon  
  14  0:56  Probe (Chrono Boost)  
  15  1:17  Probe (Chrono Boost)  
  16  1:30  Gateway  
  16  1:31  Probe (Chrono Boost)  
  17  1:42  Probe (Chrono Boost)  
  18  1:54  Probe (Chrono Boost)  
  20  2:11  Probe (Chrono Boost)  
  20  2:21  Pylon  
  20  2:28  Probe (Chrono Boost)  
  21  2:30  Pylon  
  21  2:36  Assimilator  
  21  3:00  Cybernetics Core  
  21  3:18  Nexus  
  21  3:40  Pylon  
  21  3:47  Probe (Chrono Boost)  
  22  4:04  Probe (Chrono Boost)  
  23  4:19  Gateway  
  24  4:21  Probe (Chrono Boost)  
  24  4:22  Gateway  
  24  4:26  Pylon  
  24  4:38  Probe (Chrono Boost)  
  26  5:01  Probe (Chrono Boost)  
  26  5:09  Assimilator  
  27  5:10  Probe (Chrono Boost)  
  27  5:17  Probe (Chrono Boost)  
  28  5:27  Probe (Chrono Boost)  
  29  5:34  Probe (Chrono Boost), Zealot  
  29  5:38  Zealot  
  34  5:44  Probe (Chrono Boost)  
  36  5:51  Warp Gate, Probe (Chrono Boost)  
  37  6:00  Shield Battery  
  37  6:01  Probe (Chrono Boost)  
  37  6:06  Shield Battery  
  37  6:08  Probe (Chrono Boost)  
  38  6:12  Zealot  
  38  6:16  Zealot  
  42  6:28  Forge  
  42  6:31  Forge  
  42  7:16  Twilight Council  
  42  7:34  Zealot  
  42  7:36  Zealot  
  42  7:37  Zealot  
  48  8:10  Zealot  
  48  8:11  Zealot x2  
  54  8:49  Assimilator  
  54  9:03  Stalker  
  54  9:09  Stalker  
  56  9:10  Stalker  
  56  10:07  Shield Battery  
Tags
 
Matchup
Co-op
Replay Pack
sc2replays
Add a new tag
Caveats
  • Supply blocks, unpowered buildings, or Contaminate may cause inaccurate times.
  • Supply counts are checked every 10 seconds.